 Dungeon Crawl Stone Soup version 0.31-a0-702-gf82c85558f (webtiles) character file.

Game seed: 13021366873946792102

104 qw the Shooter (level 4, -1/28 HPs)
             Began as a Gargoyle Hunter on Sept 8, 2023.
             Slain by Ijyb
             ... wielding a +0 club
              (4 damage)
             ... on level 3 of the Dungeon.
             The game lasted 00:00:44 (2132 turns).

qw the Shooter (Gargoyle Hunter)                    Turns: 2132, Time: 00:00:45

Health: -1/28      AC:  8    Str: 14    XL:     4   Next: 80%
Magic:  4/4        EV: 11    Int: 10    God:
Gold:   115        SH:  0    Dex: 15    Spells: 3/3 levels left

rFire   . . .        Y - +0 shortbow
rCold   . . .        (shield currently unavailable)
rNeg    + . .        c - +0 leather armour
rPois   inf          f - +1 hat
rElec   +            (no cloak)
rCorr   .            e - +0 pair of gloves
SInv    .            (no boots)
Will    .....        (no amulet)
Stlth   ++           (no ring)
HPRegen 0.24/turn    (no ring)
MPRegen 0.09/turn

%: no passive effects
@: no status effects
A: sickness immunity, AC +3, negative energy resistance 1, electricity
resistance, torment resistance 1, petrification resistance
a: no special abilities


You were on level 3 of the Dungeon.
You visited 1 branch of the dungeon, and saw 3 of its levels.

You collected 115 gold pieces.


Innate Abilities, Weirdness & Mutations

You are immune to sickness and miasma.
Your stone body is resilient. (AC +3)
You are immune to poison.
You resist negative energy. (rN+)
You are resistant to electric shocks. (rElec)
You are resistant to unholy torment.
You are immune to petrification.


   Skills:
 - Level 3.0 Fighting
 + Level 5.7 Ranged Weapons
 - Level 1.5 Dodging
 - Level 1.1 Stealth


You had 3 spell levels left.
You didn't know any spells.
Your spell library was empty.

Inventory:

Hand Weapons
 Y - a +0 shortbow (weapon)
Armour
 c - a +0 leather armour (worn)
 d - a +0 ring mail
 e - a +0 pair of gloves (worn)
 f - a +1 hat (worn)
Scrolls
 a - a scroll of identify
Potions
 b - a potion of lignification {unknown}
 g - a potion of cancellation
 h - a potion of attraction {unknown}
 i - 2 potions of curing {unknown}
 j - a potion of enlightenment {unknown}

Dungeon Overview and Level Annotations

Branches:
Dungeon (3/15)

Altars:

Annotations:
D:3 Ijyb, Robin, Terence


Message History

The hobgoblin barely misses you. Ijyb hits you with a +0 club.
You shoot an arrow. The arrow barely misses Ijyb.
Robin barely misses you. The hobgoblin hits you. Ijyb closely misses you.
You shoot an arrow. The arrow hits Ijyb.
Ijyb is moderately wounded.
Robin barely misses you. The hobgoblin barely misses you.
Ijyb closely misses you.
You shoot an arrow. The arrow closely misses Ijyb.
Robin hits you from afar with a +0 spear.
Terence the Incautious comes into view.
He is wielding a +0 short sword.
The hobgoblin hits you. Ijyb hits you with a +0 club.
Enter note:
Enter note:
Enter note:
2127 |||
Found retreat position at 1,-2 (floor) with 0 blocking monsters and 2 monsters attacking at destination at distance 2
Enter note:
Enter note:
Enter note:
2127 ||| Stepping ~*~*~tactically~*~*~ (retreating).
Ijyb zaps a wand.
You resist with some effort.
Enter note:
Enter note:
Enter note:
2128 |||
Found retreat position at 0,-1 (floor) with 0 blocking monsters and 2 monsters attacking at destination at distance 1
2128 ||| Stepping ~*~*~tactically~*~*~ (retreating).
The hobgoblin attacks as it pursues you!
The hobgoblin hits you but does no damage.
You shoot an arrow. The arrow hits the hobgoblin!
You kill the hobgoblin!
You shoot an arrow. The arrow hits Ijyb but does no damage.
Ijyb is moderately wounded.
Ijyb barely misses you.
You shoot an arrow. The arrow hits Ijyb.
Ijyb is moderately wounded.
Ijyb completely misses you.
You shoot an arrow. The arrow barely misses Ijyb.
The arrow closely misses the hobgoblin.
Ijyb grins evilly.
Ijyb hits you with a +0 club.
You die...

...#.#### #
###.#.##.#########
#.
#.................
#..
#.#.#.##..#.###.##
#..##.#.#.##....#
#.#
#.........#.....#
#.##
#.......####....#
#... #####.###
##.#.# ####
######@# #.#.# ###
#...##g# #.#.. ...
#..@.@g# #+### ###
#.)g#### # ##.## #
#. # .. #### .g.
+[.. .... ####


You could see Ijyb (strong), Terence and a hobgoblin (strong).

Vanquished Creatures
  4 adders (D:2)
  A worm (D:3)
  3 dart slugs
  3 endoplasms
  3 giant cockroaches
  4 goblins
  9 hobgoblins
  3 jackals (D:2)
  4 kobolds
  A quokka (D:1)
  5 ball pythons
  7 bats
  6 frilled lizards
  5 rats
58 creatures vanquished.

Notes
Turn   | Place    | Note
-------+----------+-------------------------------------------
     0 | D:1      | qw the Gargoyle Hunter began the quest for the Orb.
     0 | D:1      | Reached XP level 1. HP: 12/12 MP: 1/1
     0 | D:1      | 0 ||| qw: Version: 0.3-a-76-g4403597
     0 | D:1      | 0 ||| qw: Game counter: 1089
     0 | D:1      | 0 ||| qw: Melee chars always use a shield: true
     0 | D:1      | 0 ||| qw: God list: Okawaru
     0 | D:1      | 0 ||| qw: Allow faded altars: false
     0 | D:1      | 0 ||| qw: Do Orc after clearing Dungeon:15 true
     0 | D:1      | 0 ||| qw: Do second Lair branch before Depths: true
     0 | D:1      | 0 ||| qw: Lair rune preference: random
     0 | D:1      | 0 ||| qw: Goals: Normal
     0 | D:1      | 0 ||| PLANNING D:1-11
    78 | D:1      | Reached XP level 2. HP: 17/17 MP: 2/2
   315 | D:1      | Reached XP level 3. HP: 21/21 MP: 3/3
   324 | D:1      | Reached skill level 5 in Ranged Weapons
   757 | D:1      | Found a faded altar of an unknown god.
   787 | D:1      | 787 ||| UPGRADING to +1 hat.
   792 | D:1      | 792 ||| READING scroll labelled FECRIWK HEKHLU.
   793 | D:1      | 793 ||| READING scroll labelled ENGOWK CYEXICIP.
   794 | D:1      | 794 ||| READING scroll labelled OREYZELUJO.
   795 | D:1      | 795 ||| READING scroll labelled CEJOLI ECATABU.
   796 | D:1      | 796 ||| DROPPING scroll of butterflies.
  1074 | D:2      | Reached skill level 3 in Fighting
  1091 | D:2      | Reached XP level 4. HP: 28/28 MP: 4/4
  1450 | D:2      | 1450 ||| UPGRADING to +0 pair of gloves.
  1455 | D:2      | 1455 ||| READING 2 scrolls labelled REGRIN INUGIR.
  1456 | D:2      | 1456 ||| READING scroll labelled JINKAS QAELU.
  1557 | D:2      | 1557 ||| DRINKING 2 murky blue potions.
  2107 | D:3      | Noticed Robin
  2111 | D:3      | Noticed Ijyb
  2112 | D:3      | 2112 ||| Stepping ~*~*~tactically~*~*~ (outnumbered).
  2113 | D:3      | 2113 ||| Stepping ~*~*~tactically~*~*~ (outnumbered).
  2126 | D:3      | Noticed Terence
  2126 | D:3      | HP: 5/28 [hobgoblin (6)]
  2126 | D:3      | HP: 1/28 [Ijyb/+0 club (4)]
  2127 | D:3      | 2127 ||| Stepping ~*~*~tactically~*~*~ (retreating).
  2128 | D:3      | 2128 ||| Stepping ~*~*~tactically~*~*~ (retreating).
  2132 | D:3      | Slain by Ijyb

Levels and vault maps discovered:
D:1:      giann_bridges, layout_basic, dilly_ecumenical_altar_fadedgnrine
D:2:      layout_basic
D:3:      layout_loops_corners, nicolae_goblin_pals, uniq_terence

Skill      XL: |  1  2  3 |
---------------+----------+-----
Ranged Weapons | 5 |  5.7
Fighting       | 3 |  3.0
Dodging        | |  1.5
Stealth        | |  1.1

Action                     |  1- 3 |  4- 6 || total
---------------------------+-------+-------++-------
   Fire: Shortbow          |   101 |    84 ||   185
    Use: Scroll            |     4 |     2 ||     6
         Potion            |       |     1 ||     1
 Armour: Leather armour    |    26 |    39 ||    65
  Dodge: Dodged            |    27 |    39 ||    66

Table legend:
 A = Non-vault XP
 B = Vault XP
 C = Vault XP percentage of total XP
 D = Non-vault monster count
 E = Vault monster count
 F = Vault count percentage of total count
                 A         B        C        D         E       F
            +---------+---------+-------+---------+---------+-------
      Total |     144 |       5 |   3.4 |      55 |       3 |   5.2
            +---------+---------+-------+---------+---------+-------
        D:1 |      52 |       0 |   0.0 |      31 |       0 |   0.0
        D:2 |      81 |       0 |   0.0 |      19 |       0 |   0.0
        D:3 |      11 |       5 |  31.2 |       5 |       3 |  37.5
            +---------+---------+-------+---------+---------+-------
